 Dungeon Crawl Stone Soup version 0.29.1-15-g9cfb28693d (webtiles) character file.

Game seed: 15948413233290466334

2820 EarthwalkerPL the Cleaver (level 9, -7/81 HPs)
             Began as a Minotaur Fighter on Mar 23, 2023.
             Was a Believer of Okawaru.
             Killed from afar by an orc wizard (11 damage)
             ... with a magic dart
             ... on level 6 of the Dungeon.
             The game lasted 00:10:17 (6422 turns).

EarthwalkerPL the Cleaver (Minotaur Fighter)        Turns: 6422, Time: 00:10:18

Health: -7/81      AC:  7    Str: 25    XL:     9   Next: 45%
Magic:  8/8        EV:  9    Int:  5    God:    Okawaru [**....]
Gold:   342        SH:  6    Dex: 16    Spells: 8/8 levels left

rFire   . . .      SeeInvis .   a - +0 war axe
rCold   . . .      Faith    .   c - +0 buckler
rNeg    . . .      Spirit   .   b - +0 scale mail
rPois   +          Reflect  .   u - +1 hat
rElec   .          Harm     .   B - +1 cloak
rCorr   .          Rampage  .   (no gloves)
Will    .....                   (no boots)
Stlth   ..........              (no amulet)
HPRegen 0.23/turn               E - ring of poison resistance
MPRegen 0.11/turn               q - +6 ring of dexterity

@: corroded
A: horns 2, retaliatory headbutt
a: Renounce Religion, Heroism


You were on level 6 of the Dungeon.
You worshipped Okawaru.
Okawaru was pleased with you.
You visited 2 branches of the dungeon, and saw 7 of its levels.

You collected 342 gold pieces.

Inventory:

Hand Weapons
 a - a +0 war axe (weapon)
Missiles
 C - 3 throwing nets (quivered)
Armour
 b - a +0 scale mail (worn)
 c - a +0 buckler (worn)
 u - a +1 hat (worn)
 B - a +1 cloak (worn)
Jewellery
 k - a ring of willpower
 q - a +6 ring of dexterity (right hand)
 E - a ring of poison resistance (left hand)
 F - a ring of see invisible
Wands
 t - a wand of mindburst (8)
 z - a wand of charming (11)
Scrolls
 e - 2 scrolls of noise {unknown}
 f - 2 scrolls of teleportation {unknown}
 h - 2 scrolls of enchant armour {unknown}
 j - 7 scrolls of identify {unknown}
 m - 2 scrolls of enchant weapon {unknown}
 x - 3 scrolls of amnesia {unknown}
 y - 2 scrolls of poison {unknown}
 A - a scroll of blinking {unknown}
Potions
 d - 2 potions of might
 g - a potion of haste
 i - 2 potions of brilliance {unknown}
 l - a potion of heal wounds {unknown}
 n - a potion of flight {unknown}
 o - 2 potions of degeneration {unknown}
 p - 3 potions of curing {unknown}
 r - a potion of invisibility {unknown}
 s - a potion of attraction {unknown}
 w - a potion of berserk rage {unknown}
 D - a potion of lignification {unknown}
Miscellaneous
 v - a piece from Xom's chessboard (15/15)


   Skills:
 + Level 7.9 Fighting
 * Level 10.2 Axes
 + Level 7.9 Armour
 + Level 7.8 Shields


You had 8 spell levels left.
You didn't know any spells.
Your spell library contained the following spells:

 Spells                   Type           Power      Damage    Failure   Level
 Foxfire                  Conj/Fire      0%         2x1d4     80%         1
 Magic Dart               Conj           0%         1d3       80%         1
 Slow                     Hex            0%         N/A       80%         1
 Searing Ray              Conj           0%         2d4       91%         2
 Confusing Touch          Hex            0%         N/A       99%         3
 Conjure Flame            Conj/Fire      0%         6-21      99%         3
 Inner Flame              Hex/Fire       0%         N/A       99%         3
 Ozocubu's Armour         Ice            0%         N/A       99%         3
 Vampiric Draining        Necr           0%         2d6       99%         3
 Flame Wave               Conj/Fire      0%         2d4       100%        4
 Fulminant Prism          Conj/Hex       0%         3d6       100%        4
 Iskenderun's Mystic Bla  Conj/Tloc      0%         2d3       100%        4
 Alistair's Intoxication  Tmut/Pois      0%         N/A       100%        5
 Borgnjor's Vile Clutch   Necr/Erth      0%         N/A       100%        5
 Lee's Rapid Deconstruct  Erth           0%         3d5*      100%        5
 Eringya's Noxious Bog    Tmut/Pois      0%         N/A       100%        6
 Ozocubu's Refrigeration  Ice            0%         4d7       100%        7


Dungeon Overview and Level Annotations

Branches:
Dungeon (6/15)             Temple (1/1) D:5

Altars:
Ashenzari
Cheibriados
Dithmenos
Fedhas
Gozag
Hepliaklqana
Kikubaaqudgha
Makhleb
Nemelex Xobeh
Okawaru
Qazlal
Ru
Sif Muna
Trog
Uskayaw
Vehumet
Xom
Zin
The Shining One

Annotations:
D:5 4 runed translucent doors
D:6 3 runed translucent doors, Elsvaer's ghost, novice DECj; NiggerDarts7's ghost, novice HuFi


Innate Abilities, Weirdness & Mutations

You have a pair of horns on your head.
You reflexively headbutt those who attack you in melee.


Message History

You block the acid dragon's attack. The acid dragon barely misses you.
You slash the acid dragon! You headbutt the acid dragon!
The acid dragon is almost dead.
You block the orc's attack. The acid dragon spits acid at you.
The splash of acid hits you! The acid corrodes you!
You hear a shout!
You hear a bark!
Unknown command.
You slash the acid dragon!
You kill the acid dragon!
Okawaru accepts your kill.
The acid dragon scales are intact enough to wear.
You block the orc's attack.
Unknown command.
You slash the orc!
You kill the orc!
Okawaru accepts your kill.
An orc wizard appears from thin air!
Reactivating autopickup.
The orc hits you but does no damage.
The orc wizard gestures at you while chanting.
The puff of flame hits you!
* * * LOW HITPOINT WARNING * * *
You hit the orc wizard.
The orc wizard is lightly wounded.
The orc hits you from afar with a +2 trident of protection!
* * * LOW HITPOINT WARNING * * *
You block the orc wizard's attack.
Unknown command.
You miss the orc wizard.
The orc wizard is lightly wounded.
A hound comes into view.
The orc closely misses you.
You completely miss the orc wizard. You headbutt the orc wizard.
The orc wizard is heavily wounded.
The orc hits you from afar with a +2 trident of protection!
* * * LOW HITPOINT WARNING * * *
The orc wizard casts a spell at you. The magic dart hits you!
You die...

.....#. .../ .# #
.....#. .....####.# #.
....## .........h# #..
#...# .....#....
#...##...## ....o..
#.......... .oo.
#........ #o###
#........ .. #@o.#
#........
....###)######........
......................
...####...####....####
.......#.# #....#
######.#.# #....#
#.#.####....# ##
#.#.......#####.
.####<#.)...........


You could see a hound, 2 orc wizards and 3 orcs.

Vanquished Creatures
  2 kobold demonologists (D:5)
  Grinder (D:5)
  A yak (D:5)
  Menkaure (D:6)
  A water moccasin (D:5)
  An acid dragon (D:6)
  An ice beast (D:3)
  2 ogres (D:5)
  5 centaurs
  3 phantoms
  A bullfrog (D:6)
  A scorpion (D:6)
  2 howler monkeys (D:6)
  2 hounds
  2 orc priests (D:6)
  Crazy Yiuf (D:4)
  3 jellies
  A gnoll bouda (D:5)
  2 iguanas
  5 gnolls
  9 adders
  A worm (D:5)
  5 dart slugs
  8 orcs
  6 endoplasms
  3 giant cockroaches
  9 goblins
  10 hobgoblins
  3 jackals (D:1)
  5 quokkas
  10 ball pythons
  A bat (D:1)
  2 frilled lizards
  6 kobolds
  4 rats
120 creatures vanquished.

Vanquished Creatures (others)
  4 fungi (D:4)
  6 withered plants (D:6)
10 creatures vanquished.

Grand Total: 130 creatures vanquished

Notes
Turn   | Place    | Note
-------+----------+-------------------------------------------
     0 | D:1      | EarthwalkerPL the Minotaur Fighter began the quest for the
                  | Orb.
     0 | D:1      | Reached XP level 1. HP: 19/19 MP: 0/0
    82 | D:1      | Reached XP level 2. HP: 24/27 MP: 1/1
   125 | D:1      | Reached skill level 3 in Axes
   273 | D:1      | Reached XP level 3. HP: 29/33 MP: 2/2
  1503 | D:2      | Reached XP level 4. HP: 40/40 MP: 3/3
  1923 | D:3      | Reached skill level 4 in Axes
  2168 | D:3      | Noticed an ice beast
  2180 | D:3      | Killed an ice beast
  2181 | D:3      | Reached XP level 5. HP: 21/47 MP: 4/4
  2365 | D:3      | Found a shimmering altar of Xom.
  2725 | D:4      | Noticed a centaur
  2736 | D:3      | Reached skill level 5 in Axes
  2832 | D:4      | Killed a centaur
  2833 | D:4      | Reached XP level 6. HP: 26/55 MP: 5/5
  2841 | D:4      | Reached skill level 5 in Armour
  3136 | D:4      | You fall into a shaft and drop 2 floors!
  3146 | D:6      | Reached skill level 5 in Fighting
  3146 | D:6      | Reached skill level 5 in Shields
  3208 | D:5      | Entered Level 5 of the Dungeon
  3232 | D:5      | Found a large runed translucent door.
  3232 | D:5      | Found a large runed translucent door.
  3237 | D:5      | Noticed a vampire
  3238 | D:5      | Noticed a troll
  3245 | D:5      | Found a large runed translucent door.
  3245 | D:5      | Found a large runed translucent door.
  3442 | D:4      | Reached skill level 6 in Axes
  3754 | D:4      | Found a runed translucent door.
  3755 | D:4      | Noticed Crazy Yiuf
  3760 | D:4      | Killed Crazy Yiuf
  3761 | D:4      | Reached XP level 7. HP: 56/61 MP: 6/6
  3936 | D:5      | Noticed Grinder
  3953 | D:5      | Killed Grinder
  4002 | D:5      | Reached skill level 7 in Axes
  4171 | D:5      | Reached XP level 8. HP: 54/70 MP: 7/7
  4281 | D:5      | Found a staircase to the Ecumenical Temple.
  4290 | Temple   | Entered the Ecumenical Temple
  4555 | Temple   | Became a worshipper of Warmaster Okawaru
  4946 | D:5      | Reached skill level 8 in Axes
  5354 | D:5      | Noticed a kobold demonologist
  5491 | D:5      | Noticed an orange demon
  5494 | D:5      | Killed a kobold demonologist
  5494 | D:5      | Reached * piety under Okawaru
  5495 | D:5      | Reached skill level 9 in Axes
  5762 | D:5      | Noticed a kobold demonologist
  5772 | D:5      | Killed a kobold demonologist
  5773 | D:5      | Reached XP level 9. HP: 70/79 MP: 8/8
  5953 | D:6      | Noticed Menkaure
  5992 | D:6      | Found a runed translucent gate.
  5992 | D:6      | Found a runed translucent gate.
  5993 | D:6      | Found a runed translucent gate.
  5994 | D:6      | Noticed Elsvaer's ghost (novice DECj)
  5994 | D:6      | Noticed NiggerDarts7's ghost (novice HuFi)
  6177 | D:6      | Reached ** piety under Okawaru
  6182 | D:6      | Killed Menkaure
  6369 | D:6      | Reached skill level 10 in Axes
  6422 | D:6      | HP: 4/81 [orc/+2 trident of protection (8)]
  6422 | D:6      | Killed from afar by an orc wizard

Illustrated notes

Levels and vault maps discovered:
D:1:      dpeg_arrival_short_road, layout_loops_ring, nrook_loot_triangle,
          minmay_misc_feat_cross, minmay_vboxes
D:2:      layout_basic, guppyfry_early_orc_mine
D:3:      layout_loops_cross, xom_butterflies, minmay_quadrilaterals
D:4:      layout_rooms, uniq_crazy_yiuf_cottage
D:5:      layout_cave_pods, minmay_temple_entry_mist, minivault_11,
          minmay_hollow_rounded_squares, uniq_grinder
D:6:      layout_basic, gammafunk_ghost_cemetery, uniq_blork_the_orc,
          uniq_eustachio, uniq_menkaure
Temple:   dpeg_five_rooms_temple

Skill      XL: |  1  2  3  4  5  6  7  8  9 |
---------------+----------------------------+-----
Axes           | 3 4 5 6 7 9 10 | 10.2
Armour         | 4 5 6 7 |  7.9
Shields        | 4 5 6 7 |  7.8
Fighting       | 4 5 6 7 |  7.9

Action                   |  1- 3 |  4- 6 |  7- 9 || total
-------------------------+-------+-------+-------++-------
Melee: War axe           |    83 |    83 |   146 ||   312
       Headbutt          |     8 |    10 |    29 ||    47
Armor: Scale mail        |    44 |    36 |    63 ||   143
Dodge: Dodged            |    36 |    33 |    70 ||   139
Block: Buckler           |    15 |    22 |    43 ||    80
